[Event "Team 45 45 League T28"]
[Site "Internet Chess Club"]
[Date "2005.10.07"]
[Round "4"]
[White "Kingofknights"]
[Black "Poet-Laureate"]
[Result "1-0"]
[WhiteElo "1709"]
[BlackElo "1740"]
[TimeControl "2700+45"]

1. d4 c6 2. c4 d5 3. Nc3 Nf6 4. cxd5 Nxd5 5. e4 Nxc3 6. bxc3 Nd7 7. Nf3 b5 8. a4
Ba6 9. axb5 Bxb5 10. c4 a6 11. cxb5 axb5 12. Be3 e6 13. Be2 Bb4+ 14. Bd2 Bxd2+
15. Nxd2 Rxa1 16. Qxa1 O-O 17. Qc3 Qb6 18. O-O b4 19. Qc4 Ra8 20. Rc1 Rc8 21.
Bf3 e5 22. d5 c5 23. Bg4 Qh6 24. Bxd7 Qxd2 25. Bxc8 {Black resigns} 1-0

[Event "Team 45 45 League T28"]
[Site "Internet Chess Club"]
[Date "2005.10.08"]
[Round "4"]
[White "Traho"]
[Black "chesskix"]
[Result "0-1"]
[WhiteElo "1382"]
[BlackElo "1447"]
[TimeControl "2700+45"]

1. e4 e5 2. Nf3 d6 3. Be2 Nf6 4. Nc3 Bd7 5. O-O c5 6. d3 Nc6 7. Bg5 Be7 8. Bxf6
Bxf6 9. Nd5 Nd4 10. c4 O-O 11. Nxd4 exd4 12. Bg4 Bc6 13. Re1 Bxd5 14. exd5 Be5
15. Qf3 Qg5 16. Rad1 f5 17. Bh3 Rae8 18. g4 h5 19. Bg2 fxg4 {White resigns} 0-1

[Event "Team 45 45 League T28"]
[Site "Internet Chess Club"]
[Date "2005.10.09"]
[Round "4"]
[White "Willymty"]
[Black "Mississippian"]
[Result "0-1"]
[WhiteElo "1288"]
[BlackElo "1406"]
[TimeControl "2700+45"]

1. d4 e6 2. e4 c6 3. a3 d5 4. e5 f6 5. Nf3 Be7 6. Be2 fxe5 7. Nxe5 Nf6 8. O-O
O-O 9. Nc3 Nbd7 10. Ng4 c5 11. Re1 cxd4 12. Qxd4 Bc5 13. Qd3 Nxg4 14. Be3 Nxe3
15. fxe3 Ne5 16. Qd2 Qg5 17. Bd1 d4 18. Ne4 dxe3 19. Nxg5 exd2+ 20. Kh1 dxe1=Q#
{White checkmated} 0-1

[Event "Team 45 45 League T28"]
[Site "Internet Chess Club"]
[Date "2005.10.06"]
[Round "4"]
[White "swcoll"]
[Black "littleboo"]
[Result "0-1"]
[WhiteElo "881"]
[BlackElo "1189"]
[TimeControl "2700+45"]

1. d4 d5 2. Nf3 Nf6 3. e3 Nc6 4. Nbd2 a6 5. c4 e6 6. Bd3 Bd6 7. Bb1 O-O 8. O-O
e5 9. Re1 exd4 10. exd4 Re8 11. Ne4 dxe4 12. Ne5 Bxe5 13. g3 Bg4 14. Qc2 Nxd4
15. Qc3 Ne2+ {White resigns} 0-1

[Event "Team 45 45 League T28"]
[Site "Internet Chess Club"]
[Date "2005.10.09"]
[Round "4"]
[White "Ferdyrojo"]
[Black "Fogbound"]
[Result "0-1"]
[WhiteElo "1275"]
[BlackElo "1278"]
[TimeControl "2700+45"]

1. e4 g6 2. Nf3 Bg7 3. d4 d6 4. c4 Nf6 5. Nc3 Bg4 6. Be2 O-O 7. Be3 c6 8. Qd2
Nbd7 9. h3 Bxf3 10. gxf3 a6 11. Bd3 b5 12. cxb5 axb5 13. b4 Nb6 14. f4 Nc4 15.
Bxc4 bxc4 16. Ke2 Nd7 17. f3 e6 18. Qc2 Qh4 19. Rag1 Qd8 20. a4 e5 21. fxe5 dxe5
22. d5 Nf6 23. dxc6 Qd3+ 24. Qxd3 cxd3+ 25. Kxd3 Nh5 26. b5 Nf4+ 27. Bxf4 exf4
28. Ra1 Rfd8+ 29. Kc2 Rd4 30. Rhd1 Rc4 31. Rd4 Bxd4 {White resigns} 0-1

[Event "Team 45 45 League T28"]
[Site "Internet Chess Club"]
[Date "2005.10.07"]
[Round "4"]
[White "klt713"]
[Black "gatoruss"]
[Result "0-1"]
[WhiteElo "1206"]
[BlackElo "1292"]
[TimeControl "2700+45"]

1. d4 Nf6 2. c4 g6 3. Nc3 e6 4. Nf3 d5 5. Bd2 Bg7 6. e3 O-O 7. Be2 b6 8. Ne5 Bb7
9. O-O Nbd7 10. Nxd7 Nxd7 11. Bf3 Nf6 12. Re1 Ne4 13. Nxe4 dxe4 14. Bg4 f5 15.
Bh3 Ba6 16. Rc1 c5 17. Qa4 Bb7 18. Red1 cxd4 19. exd4 Qh4 20. Be3 Bh6 21. Bxh6
Qxh6 22. d5 exd5 23. cxd5 Bxd5 24. Rd4 Qxc1+ 25. Rd1 Qc4 26. Rd4 Qxa4 27. Rxa4
Rac8 28. f3 Rc1+ 29. Kf2 Rc2+ 30. Kg3 Rxb2 31. Rxa7 Rxa2 32. Rd7 e3 33. Rxd5 e2
34. Re5 Rd8 35. Kf2 Rd1 36. Rxe2 Rxe2+ 37. Kxe2 Rc1 38. Kd2 Rc5 39. Kd3 b5 40.
g3 b4 41. Kd4 Rc2 42. Bf1 Kg7 43. h4 b3 44. Kd3 Rf2 45. Be2 Rxe2 46. Kxe2 b2 47.
Kd2 b1=Q 48. Ke3 h5 49. Kf4 Qb8+ 50. Ke3 Qxg3 {White resigns} 0-1

[Event "Team 45 45 League T28"]
[Site "Internet Chess Club"]
[Date "2005.10.08"]
[Round "4"]
[White "cwberkey"]
[Black "ffplayer"]
[Result "1-0"]
[WhiteElo "1506"]
[BlackElo "1160"]
[TimeControl "2700+45"]

1. e4 e6 2. d4 d5 3. e5 Ne7 4. Bg5 Nbc6 5. c3 Qd7 6. Bb5 a6 7. Bd3 Ng6 8. Bxg6
fxg6 9. Qf3 Qf7 10. Qxf7+ Kxf7 11. Nf3 Be7 12. Be3 Rf8 13. Bg5 {Black got
disconnected and forfeits} 1-0

[Event "Team 45 45 League T28"]
[Site "Internet Chess Club"]
[Date "2005.10.06"]
[Round "4"]
[White "cayo89"]
[Black "tarheels"]
[Result "0-1"]
[WhiteElo "1664"]
[BlackElo "1674"]
[TimeControl "2700+45"]

1. e4 c5 2. d4 cxd4 3. c3 Nf6 4. e5 Nd5 5. cxd4 Nc6 6. Nf3 d6 7. Bc4 Nb6 8. Bb5
Nd5 9. Bc4 dxe5 10. dxe5 e6 11. O-O Be7 12. Bxd5 exd5 13. Nc3 Be6 14. Bf4 O-O
15. Re1 Qd7 16. Nb5 a6 17. Nd6 f6 18. Qe2 Bg4 19. Rad1 fxe5 20. Qxe5 Nxe5 21.
Nxe5 Qxd6 22. Ng6 Qxg6 {White resigns} 0-1

[Event "Team 45 45 League T28"]
[Site "Internet Chess Club"]
[Date "2005.10.09"]
[Round "4"]
[White "Mikey29a"]
[Black "JesterFox"]
[Result "1/2-1/2"]
[WhiteElo "1616"]
[BlackElo "1566"]
[TimeControl "2700+45"]

1. e4 c5 2. Nf3 Nc6 3. d4 cxd4 4. Nxd4 e5 5. Nb5 d6 6. c4 a6 7. N5a3 Nf6 8. Nc3
Be6 9. Nc2 Rc8 10. Be2 h6 11. O-O Qd7 12. f3 Na7 13. Nd5 Bxd5 14. exd5 b5 15. b3
Be7 16. Nb4 Qb7 17. a3 O-O 18. Be3 Bd8 19. Qe1 Nd7 20. Bxa7 Qxa7+ 21. Kh1 bxc4
22. bxc4 Ba5 23. Nc6 Bxe1 24. Nxa7 Rc7 25. Rfxe1 Rxa7 26. Rab1 Rb8 27. Rxb8+
Nxb8 28. Rb1 Nd7 29. Kg1 Kf8 30. Kf2 Ke7 31. Ke3 Nc5 32. Rb8 {Game drawn by
mutual agreement} 1/2-1/2

[Event "Team 45 45 League T28"]
[Site "Internet Chess Club"]
[Date "2005.10.05"]
[Round "4"]
[White "ogoon"]
[Black "boozehound"]
[Result "0-1"]
[WhiteElo "1453"]
[BlackElo "1541"]
[TimeControl "2700+45"]

1. b4 e5 2. a3 d5 3. Bb2 d4 4. c3 c5 5. e3 Nc6 6. cxd4 cxd4 7. b5 Na5 8. Nf3 Qe7
9. Be2 d3 10. Bxd3 e4 11. Qa4 exf3 12. Qxa5 fxg2 13. Rg1 Bh3 14. b6 a6 15. Qh5
Qd7 16. Qe5+ Ne7 17. Be4 O-O-O 18. Bc3 Nc6 19. Qg3 Bd6 20. f4 Ne7 21. Bxg2 Bxg2
22. Rxg2 Nd5 23. Qg4 f5 24. Qxg7 Qc6 25. Qh6 Nxc3 26. Nxc3 Qxg2 27. O-O-O Qc6
28. Qe6+ Kb8 29. Qb3 Qc5 30. Kb2 Rc8 31. Nd5 Qb5 32. Qxb5 axb5 33. h4 Rhf8 34.
h5 Rc5 35. Nc3 Rc6 36. Nd5 Bc5 37. d4 Bxb6 38. Kb3 Ka7 39. Nc3 Ka6 40. d5 Rd6
41. a4 bxa4+ 42. Nxa4 Rfd8 43. Ra1 Rxd5 44. Nc5+ Kb5 45. Ne6 Rd3+ 46. Kc2 R8d6
47. Rb1+ Kc4 48. Nd4 Bxd4 49. exd4 R6xd4 50. Rxb7 Rd2+ 51. Kc1 Rd1+ 52. Kc2
R4d2# {White checkmated} 0-1

[Event "Team 45 45 League T28"]
[Site "Internet Chess Club"]
[Date "2005.10.08"]
[Round "4"]
[White "Invicta-Knight"]
[Black "kevinfons"]
[Result "1-0"]
[WhiteElo "1489"]
[BlackElo "1421"]
[TimeControl "2700+45"]

1. e4 c5 2. f4 Nc6 3. Nf3 e6 4. Nc3 d6 5. Be2 Nf6 6. O-O g6 7. a4 Bg7 8. Qe1 O-O
9. Ra3 a6 10. Kh1 Rb8 11. d3 b5 12. axb5 axb5 13. Ra2 Nb4 14. d4 Nxa2 15. Nxa2
Nxe4 16. Bxb5 Rxb5 17. Qxe4 Bb7 18. Qe2 Ra5 19. Nc3 cxd4 20. Ne4 Bxe4 21. Qxe4
Qa8 22. Qd3 e5 23. fxe5 dxe5 24. Qd2 e4 25. Nxd4 Rd5 26. c3 Rfd8 27. Qf2 Qb7 28.
Bg5 R8d7 29. Bf6 Bxf6 30. Qxf6 Qxb2 31. Ne6 {Black resigns} 1-0

[Event "Team 45 45 League T28"]
[Site "Internet Chess Club"]
[Date "2005.10.15"]
[Round "4"]
[White "bondguy01"]
[Black "kamu"]
[Result "0-1"]
[WhiteElo "1534"]
[BlackElo "1660"]
[TimeControl "2700+45"]

1. e4 d6 2. d4 Nf6 3. Nc3 g6 4. Be3 Bg7 5. Qd2 O-O 6. O-O-O c6 7. Bh6 b5 8. f3
a5 9. h4 Nh5 10. Nce2 e5 11. g4 Nf4 12. Bxg7 Kxg7 13. Nxf4 exf4 14. Qxf4 Qe7 15.
d5 cxd5 16. exd5 b4 17. Bb5 Bd7 18. Bxd7 Qxd7 19. h5 Qe7 20. hxg6 fxg6 21. Qh6+
Kg8 22. Ne2 Rxf3 23. Nd4 Qe3+ 24. Kb1 Qxh6 25. Rxh6 Rf4 26. Ne6 Rxg4 27. Rdh1
Ra7 28. b3 Rf7 29. Kb2 Nd7 30. a3 Nb6 31. axb4 axb4 32. Rd1 Rf5 33. Nc7 Rgg5 34.
Rh4 Nxd5 35. Nxd5 Rxd5 36. Rxd5 Rxd5 37. Rxb4 g5 38. Re4 Kf7 39. c4 Re5 40. Rd4
Ke6 41. Kc3 h5 42. b4 g4 43. b5 g3 44. b6 Kd7 45. Kb4 Kc6 46. b7 Kxb7 47. Rxd6
g2 48. Rd2 Rg5 49. Rf2 g1=Q 50. Rf7+ Kc6 51. Rf6+ Kd7 {White resigns} 0-1

[Event "Team 45 45 League T28"]
[Site "Internet Chess Club"]
[Date "2005.10.11"]
[Round "4"]
[White "stakastra"]
[Black "clarinetref"]
[Result "1/2-1/2"]
[WhiteElo "1540"]
[BlackElo "1528"]
[TimeControl "2700+45"]

1. e4 c5 2. Nf3 Nc6 3. Nc3 g6 4. Bc4 e6 5. d3 Bg7 6. Be3 b6 7. O-O Na5 8. e5 d5
9. exd6 Qxd6 10. Bb5+ Bd7 11. Bxd7+ Qxd7 12. Re1 Nf6 13. Bf4 O-O 14. Rb1 Nc6 15.
a4 Nh5 16. Bd2 Qc7 17. Nb5 Qd7 18. Bc3 Nf6 19. Ne5 Nxe5 20. Bxe5 a6 21. Nc3 Nh5
22. Bxg7 Nxg7 23. b3 Nf5 24. Ne4 Qb7 25. Qf3 Kg7 26. c3 Qe7 27. Nd2 Rad8 28. Nc4
Qc7 29. Rbd1 Rd5 30. Ne3 Nxe3 31. Rxe3 Rf5 32. Qe2 Rb8 33. d4 Rh5 34. g3 cxd4
35. Rxd4 b5 36. axb5 Rhxb5 37. b4 a5 38. Qb2 e5 39. Rdd3 axb4 40. cxb4 Rxb4 41.
Qxe5+ Qxe5 42. Rxe5 Rb1+ 43. Kg2 R8b7 44. h4 R7b5 45. Red5 Rxd5 46. Rxd5 h5 47.
Rd3 {Game drawn by mutual agreement} 1/2-1/2

[Event "Team 45 45 League T28"]
[Site "Internet Chess Club"]
[Date "2005.10.10"]
[Round "4"]
[White "Just-Jim"]
[Black "Trixi"]
[Result "0-1"]
[WhiteElo "1334"]
[BlackElo "1519"]
[TimeControl "2700+45"]

1. e4 e5 2. Nf3 Nc6 3. Bc4 Bc5 4. d3 d6 5. h3 Nf6 6. a3 Be6 7. Bxe6 fxe6 8. b4
Bb6 9. Nc3 O-O 10. Na4 Bd4 11. Nxd4 exd4 12. O-O e5 13. Nb2 d5 14. exd5 Qxd5 15.
Nc4 b5 16. Nd2 Rae8 17. Nf3 e4 18. Nh4 e3 19. fxe3 dxe3 20. Rf5 Qd4 21. Rc5 e2+
22. Kh2 exd1=Q {White resigns} 0-1

[Event "Team 45 45 League T28"]
[Site "Internet Chess Club"]
[Date "2005.10.10"]
[Round "4"]
[White "hotzoddy"]
[Black "jientho"]
[Result "0-1"]
[WhiteElo "1271"]
[BlackElo "1357"]
[TimeControl "2700+45"]

1. e4 e5 2. Nf3 Nf6 3. Nc3 Bb4 4. Nxe5 O-O 5. Ng4 Bxc3 6. dxc3 Nxe4 7. Bd3 f5 8.
Ne5 d6 9. Nf3 d5 10. O-O Qd6 11. Be3 c5 12. c4 Be6 13. Nd2 f4 14. Bxe4 dxe4 15.
Nxe4 Qxd1 16. Raxd1 fxe3 17. fxe3 Rxf1+ 18. Kxf1 Bxc4+ 19. Kf2 Na6 20. b3 Rf8+
21. Kg3 Bf7 22. Nd6 Rd8 23. e4 Bg6 24. Kf3 Nc7 25. c4 Ne8 26. e5 Nxd6 27. Rxd6
Rxd6 28. exd6 Kf8 29. Kf4 Ke8 30. Ke5 Kd7 31. a3 Bc2 32. b4 cxb4 33. axb4 Ba4
34. c5 Bc6 35. g3 b6 36. cxb6 axb6 37. h3 Ke8 38. g4 Bd7 39. Kd5 Kf7 40. Ke5 Kg6
41. Kd5 Kg5 42. Ke5 Kh4 43. Kf4 Kxh3 44. g5 Kh4 45. g6 h5 46. Ke5 Kg5 47. b5 h4
{White resigns} 0-1

[Event "Team 45 45 League T28"]
[Site "Internet Chess Club"]
[Date "2005.10.08"]
[Round "4"]
[White "egd01"]
[Black "Thersites"]
[Result "0-1"]
[WhiteElo "1583"]
[BlackElo "1665"]
[TimeControl "2700+45"]

1. e4 c5 2. Nf3 e6 3. d4 cxd4 4. Nxd4 Nc6 5. Nb5 d6 6. N1c3 a6 7. Na3 b5 8.
Naxb5 axb5 9. Bxb5 Bd7 10. O-O Nf6 11. Kh1 Be7 12. f4 O-O 13. f5 Ne5 14. a4 Nxe4
15. Nxe4 Bxb5 16. Rf2 Rxa4 17. Rxa4 Bxa4 18. b3 Bc6 19. Ng3 Qb6 20. Rf1 Rc8 21.
fxe6 fxe6 22. Bf4 Ng6 23. Qg4 Bd7 24. Bg5 Bxg5 25. Qxg5 Qd8 26. Qd2 d5 27. c3
Qb6 28. Qb2 Qc5 29. c4 dxc4 30. Ne4 Qe5 31. Qe2 cxb3 32. Qd2 Bc6 33. Nc3 Qxc3
34. Qd6 Bxg2+ 35. Kxg2 Qc6+ {White resigns} 0-1

[Event "Team 45 45 League T28"]
[Site "Internet Chess Club"]
[Date "2005.10.07"]
[Round "4"]
[White "tammany"]
[Black "calily"]
[Result "0-1"]
[WhiteElo "1481"]
[BlackElo "1603"]
[TimeControl "2700+45"]

1. e4 c5 2. Nf3 Nc6 3. c3 d5 4. exd5 Qxd5 5. Bb5 a6 6. Bxc6+ Qxc6 7. O-O Bg4 8.
Ne5 Bxd1 9. Nxc6 Ba4 10. Ne5 f6 11. Nc4 Rd8 12. b3 Bb5 13. Nba3 Bxc4 14. Nxc4 e5
15. f4 b5 16. Na5 e4 17. f5 g6 18. c4 Bh6 19. fxg6 hxg6 20. Bb2 Bxd2 21. Nb7 Rd7
22. Nxc5 Be3+ 23. Kh1 Bxc5 24. Rf4 Kf7 25. Rxe4 Bd6 26. h3 Re7 27. Rxe7+ Nxe7
28. Rf1 Nf5 29. Kg1 Be5 30. Bxe5 fxe5 31. g4 Ke6 32. gxf5+ gxf5 33. cxb5 axb5
34. Kg2 f4 35. a4 bxa4 36. bxa4 Ra8 37. Ra1 Kf5 38. a5 Kg5 39. Kf3 Kh4 40. Ke4
Kxh3 41. Kxe5 Kg3 42. a6 f3 43. Ke4 Re8+ 44. Kd3 f2 45. a7 Ra8 46. Ke2 Kg2
{White resigns} 0-1

[Event "Team 45 45 League T28"]
[Site "Internet Chess Club"]
[Date "2005.10.09"]
[Round "4"]
[White "mambomex"]
[Black "dougmo"]
[Result "0-1"]
[WhiteElo "1529"]
[BlackElo "1520"]
[TimeControl "2700+45"]

1. e4 e6 2. d3 d5 3. g3 dxe4 4. dxe4 Qxd1+ 5. Kxd1 Nf6 6. e5 Ng4 7. Be3 Nxe5 8.
f4 Ng4 9. Ke2 Nxe3 10. Kxe3 Bd7 11. Nf3 Bc5+ 12. Kd2 Nc6 13. Nc3 Rd8 14. Bg2 Nd4
15. Ne4 Nxf3+ 16. Bxf3 Bc6+ 17. Ke2 Bb5+ 18. Ke1 Bb6 19. Rd1 Rxd1+ 20. Kxd1 Ke7
21. Kc1 Rd8 22. Rd1 Be3+ 23. Kb1 Rxd1+ 24. Bxd1 h6 25. Nc3 Bc6 26. a3 Bg1 27. h4
Bh2 28. Ne2 Bf3 29. Kc1 Bxe2 30. Bxe2 Bxg3 31. Kd2 Bxf4+ 32. Kd3 Kd6 33. Bf3 c6
34. b3 g5 35. hxg5 hxg5 36. a4 Kc5 37. c3 a5 38. Kc2 f5 39. c4 g4 40. Bg2 Kd4
41. Kd1 Kc3 42. Bh1 Kxb3 43. Bg2 Kxc4 44. Kc2 Kb4 45. Kb2 {White resigns} 0-1

[Event "Team 45 45 League T28"]
[Site "Internet Chess Club"]
[Date "2005.10.08"]
[Round "4"]
[White "sdcohle"]
[Black "arriero55"]
[Result "0-1"]
[WhiteElo "1330"]
[BlackElo "1402"]
[TimeControl "2700+45"]

1. d4 d5 2. c4 c6 3. e3 Nf6 4. Nc3 e6 5. Nf3 Nbd7 6. Be2 Be7 7. O-O O-O 8. Re1
Ne4 9. Qc2 f5 10. Bd3 Ng5 11. Nxg5 Bxg5 12. Ne2 Nf6 13. f4 Bh6 14. Ng3 g6 15.
cxd5 cxd5 16. Qe2 a6 17. Bd2 Bd7 18. a4 Qb6 19. a5 Qd6 20. Rec1 Rfc8 21. Qe1 Bf8
22. b4 Bc6 23. Rc2 Rc7 24. Rac1 Rac8 25. Be2 Qd7 26. Bd1 Bd6 27. Ne2 Ne4 28. Rb2
Bb5 29. Rxc7 Rxc7 30. Nc3 Nxc3 31. Bxc3 Bc4 32. Rc2 Qc8 33. Bb2 Bd3 34. Rxc7
Qxc7 35. Qd2 Qc4 36. Bc3 Kf7 37. Kf2 Qb5 38. g3 Be7 39. Qe1 Qc4 40. Qd2 Qb5 41.
Bb3 Bc4 42. Bxc4 Qxc4 43. Kf3 Ke8 44. Qc1 Bxb4 45. Bb2 Qxc1 46. Bxc1 b5 47. axb6
Kd7 48. Ke2 Kc6 49. Kd3 Kxb6 50. Kc2 Kb5 51. Bd2 Bxd2 52. Kxd2 Kb4 53. Kc1 Kb3
54. Kb1 a5 55. h3 Kc3 56. g4 Kd3 57. gxf5 gxf5 58. e4 Kxe4 59. Kb2 Kxd4 60. Kc2
Ke4 61. Kc3 Kxf4 62. Kd4 a4 63. h4 a3 64. h5 a2 65. h6 a1=Q+ 66. Kd3 Qc1 67. Ke2
Qc2+ 68. Kf1 Kf3 69. Kg1 Qg2# {White checkmated} 0-1      **ANNOUNCEMENT** from
ROBOadmin: "help event2" for a list of all the upcoming events on the Internet
Chess Club!

[Event "Team 45 45 League T28"]
[Site "Internet Chess Club"]
[Date "2005.10.07"]
[Round "4"]
[White "ARONOVICH"]
[Black "rjml"]
[Result "0-1"]
[WhiteElo "1732"]
[BlackElo "1815"]
[TimeControl "2700+45"]

1. e4 e5 2. f4 Nc6 3. Nf3 f5 4. Nc3 fxe4 5. Nxe4 d5 6. Nf2 exf4 7. d3 Bd6 8.
Qe2+ Qe7 9. Bd2 Nf6 10. O-O-O Qxe2 11. Bxe2 Bd7 12. h3 O-O-O 13. Ng5 Rhe8 14.
Bf3 Re7 15. h4 Nd4 16. Ngh3 Nxf3 17. gxf3 Nh5 18. Rhe1 Rde8 19. Rxe7 Rxe7 20.
Re1 Rxe1+ 21. Bxe1 h6 22. Bd2 Kd8 23. d4 Ke7 24. Ng1 g5 25. hxg5 hxg5 26. Kd1
Ng3 27. Ng4 Bxg4 28. fxg4 Ne4 29. Be1 Kf6 30. Ke2 b6 31. Nf3 Kg6 32. Nd2 c5 33.
c3 cxd4 34. cxd4 Nf6 35. Kf3 Bb4 36. a3 Bxd2 37. Bxd2 Ne4 38. Bb4 a5 39. Be1 a4
40. Bb4 Kf6 41. Be1 Ke6 42. Ke2 Kd7 43. Kd3 Nf6 44. Ke2 Nxg4 45. Kf3 Ne3 46. Bd2
Ke6 47. Bb4 Kf5 48. Bd2 g4+ 49. Ke2 Ke4 50. Bc3 f3+ 51. Ke1 g3 52. Bd2 f2+
{White resigns} 0-1

[Event "Team 45 45 League T28"]
[Site "Internet Chess Club"]
[Date "2005.10.08"]
[Round "4"]
[White "Avedldesierto"]
[Black "qs16"]
[Result "0-1"]
[WhiteElo "1638"]
[BlackElo "1585"]
[TimeControl "2700+45"]

1. e4 c5 2. Nf3 d6 3. Bb5+ Bd7 4. Qe2 a6 5. Bxd7+ Qxd7 6. O-O Nc6 7. c3 Nf6 8.
d4 cxd4 9. cxd4 d5 10. e5 Ne4 11. Nc3 Nxc3 12. bxc3 e6 13. Bg5 Be7 14. Bxe7 Qxe7
15. Rfb1 O-O 16. Nd2 Na5 17. Nb3 Nxb3 18. Rxb3 Rac8 19. Rab1 Rc7 20. Qb2 Rb8 21.
Rb6 h6 22. Rxa6 bxa6 23. Qxb8+ Kh7 24. Qb3 a5 25. Qc2+ g6 26. Qa4 Rxc3 27. Qxa5
Rc4 28. Rd1 Qh4 29. Qa7 Kg7 30. a4 Qf4 31. Qa6 Rxd4 32. Rxd4 Qxd4 33. g3 Qxe5
34. Qb5 Qa1+ 35. Kg2 Qe1 36. a5 d4 37. a6 Qe4+ 38. Kg1 d3 39. a7 d2 40. Qb2+ e5
41. Qxd2 Qb1+ 42. Kg2 Qb7+ 43. f3 Qxa7 44. Qb2 Qc7 45. f4 f6 46. fxe5 Qxe5 47.
Qb7+ Kg8 48. Qc8+ Kf7 49. Qd7+ Qe7 50. Qxe7+ Kxe7 51. Kf3 Kd6 52. Ke4 Ke6 53. h3
f5+ 54. Kd4 Kd6 55. Kd3 Kd5 56. Ke3 Ke5 57. Kf3 g5 58. h4 gxh4 59. gxh4 h5 60.
Ke3 f4+ 61. Kf3 Kf5 62. Kg2 Kg4 63. Kf2 f3 64. Kf1 Kxh4 65. Kf2 Kg4 66. Kg1 Kf4
67. Kf2 Ke4 68. Kf1 Ke3 69. Ke1 h4 70. Kf1 h3 71. Kg1 Ke2 72. Kh2 f2 {White
resigns} 0-1

[Event "Team 45 45 League T28"]
[Site "Internet Chess Club"]
[Date "2005.10.08"]
[Round "4"]
[White "camembert"]
[Black "MiroslavR"]
[Result "0-1"]
[WhiteElo "1857"]
[BlackElo "1993"]
[TimeControl "2700+45"]

1. e4 e6 2. d4 d5 3. exd5 exd5 4. c4 Bb4+ 5. Nc3 Ne7 6. Nf3 O-O 7. Be2 dxc4 8.
Bxc4 Nd5 9. Bd2 Re8+ 10. Be2 Bxc3 11. bxc3 Qe7 12. c4 Nf6 13. h3 Nc6 14. Be3 Bf5
15. O-O Rad8 16. Qb3 b6 17. d5 Ne5 18. Nd4 Bd7 19. a4 Ne4 20. a5 Qh4 21. axb6
axb6 22. Nf3 Nxf3+ 23. Bxf3 Bf5 24. Ra7 Ng5 25. Bxg5 Qxg5 26. Kh1 Re7 27. Rfa1
Rde8 28. Qc3 h6 29. c5 bxc5 30. Qa5 Qf4 31. Qc3 Qd4 32. Qxd4 cxd4 33. R7a4 d3
34. Rd4 Re1+ 35. Rxe1 Rxe1+ 36. Kh2 Kf8 37. d6 cxd6 38. Rxd6 Ke7 39. Rd5 Ke6 40.
Kg3 Re5 41. Rd4 g5 42. Kh2 Rc5 43. g4 Bg6 44. Kg2 Rc7 45. Kf1 Rc1+ 46. Kg2 Rc3
47. Rd5 Rb3 48. Rd4 Rb6 49. Kf1 Rd6 50. Rxd6+ Kxd6 51. Ke1 Ke5 52. Kd2 Be4 53.
Bd1 Kf4 54. Kc3 Bg2 55. Kxd3 Bxh3 56. Bb3 f6 57. Bd5 Bxg4 58. Bc6 h5 59. Kd2 h4
60. Ke1 Bf3 61. Bd7 g4 62. Kf1 Be4 63. Ba4 g3 64. Kg1 h3 {White resigns} 0-1

[Event "Team 45 45 League T28"]
[Site "Internet Chess Club"]
[Date "2005.10.11"]
[Round "4"]
[White "TheBogNug"]
[Black "six-killer"]
[Result "1/2-1/2"]
[WhiteElo "1854"]
[BlackElo "1776"]
[TimeControl "2700+45"]

1. d4 Nf6 2. c4 e6 3. Nf3 Bb4+ 4. Bd2 Qe7 5. Nc3 Bxc3 6. Bxc3 Ne4 7. Qc2 Nxc3 8.
Qxc3 d6 9. g3 Nd7 10. Bg2 e5 11. e4 O-O 12. O-O a5 13. Rfe1 c5 14. dxc5 Nxc5 15.
Nd2 Bg4 16. Nf1 Qd7 17. Qd2 Ne6 18. Ne3 Nd4 19. Nc2 Nf3+ 20. Bxf3 Bxf3 21. Qd3
Bg4 22. Ne3 Bh3 23. Red1 Ra6 24. Rac1 f5 25. exf5 Bxf5 26. Nxf5 Qxf5 {Game drawn
by mutual agreement} 1/2-1/2

[Event "Team 45 45 League T28"]
[Site "Internet Chess Club"]
[Date "2005.10.08"]
[Round "4"]
[White "RD1974"]
[Black "ears"]
[Result "1-0"]
[WhiteElo "1746"]
[BlackElo "1684"]
[TimeControl "2700+45"]

1. e4 g6 2. d4 Bg7 3. Be3 c5 4. Nf3 cxd4 5. Bxd4 Bxd4 6. Qxd4 Nf6 7. e5 Ng8 8.
e6 Nf6 9. exf7+ Kf8 10. Ng5 Nc6 11. Qd2 Qa5 12. Nc3 Qe5+ 13. Be2 Nd4 14. O-O-O
Nxe2+ 15. Nxe2 d6 16. f4 Qc5 17. Nd4 Qc4 18. Kb1 h6 19. b3 Qa6 20. Nge6+ Bxe6
21. Nxe6+ Kxf7 22. Nc7 Qc6 23. Nxa8 Ne4 24. Qd5+ Qxd5 25. Rxd5 Nc3+ 26. Kb2 Nxd5
27. Rd1 Rxa8 28. Rxd5 Rc8 29. c4 b6 30. Kc3 Rc5 31. Kd4 Ke6 32. g4 Rxd5+ 33.
cxd5+ Kf6 34. Ke4 e6 35. h3 e5 36. fxe5+ dxe5 37. h4 g5 38. hxg5+ hxg5 39. d6
Ke6 40. d7 Kxd7 41. Kxe5 Ke7 42. Kf5 Kf7 43. b4 a5 44. b5 Ke7 45. Kxg5 Kd6 46.
Kf6 Kc5 47. g5 Kxb5 48. g6 Kb4 49. g7 Ka3 50. g8=Q a4 51. Qe8 Kb4 52. Kf5 b5 53.
Qe3 Kc4 54. Qc1+ Kd5 55. Qc3 Kd6 56. Ke4 {Black resigns} 1-0

[Event "Team 45 45 League T28"]
[Site "Internet Chess Club"]
[Date "2005.10.08"]
[Round "4"]
[White "clarnibass"]
[Black "Rainbird"]
[Result "1-0"]
[WhiteElo "1705"]
[BlackElo "1616"]
[TimeControl "2700+45"]

1. e4 Nf6 2. e5 Nd5 3. d4 d6 4. Nf3 g6 5. Bc4 Nb6 6. Bb3 Bg7 7. O-O O-O 8. exd6
cxd6 9. Re1 a5 10. c3 Bf5 11. Bg5 Nc6 12. a4 d5 13. Nbd2 Qc7 14. Nf1 e5 15. dxe5
Nxe5 16. Nxe5 Bxe5 17. Bxd5 Rfe8 18. Bb3 Nc4 19. Bxc4 Qxc4 20. Ne3 Qc7 21. Nxf5
Bxh2+ 22. Kh1 gxf5 23. Qf3 Bd6 24. Qxf5 Be7 25. Bxe7 Rxe7 26. Qg5+ Kf8 27. Qf6
{Black resigns} 1-0

[Event "Team 45 45 League T28"]
[Site "Internet Chess Club"]
[Date "2005.10.08"]
[Round "4"]
[White "f5"]
[Black "bobhill"]
[Result "1-0"]
[WhiteElo "2329"]
[BlackElo "2011"]
[TimeControl "2700+45"]

1. e4 c5 2. Nc3 Nc6 3. g3 g6 4. Bg2 Bg7 5. d3 Nf6 6. Be3 d6 7. h3 Bd7 8. Nge2
Qb6 9. Rb1 Nd4 10. O-O O-O 11. b4 Nxe2+ 12. Nxe2 Qc7 13. bxc5 dxc5 14. e5 Qxe5
15. Rxb7 Be6 16. Rxe7 Nd5 17. Bf4 Qf6 18. Rb7 g5 19. Bc1 Qh6 20. h4 f6 21. c4
Nb6 22. Nc3 Rad8 23. Qc2 Qg6 24. hxg5 fxg5 25. Ne4 Bd4 26. Rxa7 Bf5 27. Be3 h5
28. Bxd4 Rxd4 29. Rb1 Nxc4 30. Rbb7 Qe8 31. dxc4 Qd8 32. Qb2 h4 33. Rg7+ Kh8 34.
Nxg5 hxg3 35. fxg3 Rf6 36. Nf7+ Rxf7 37. Rgxf7 Bg6 38. Rfd7 Qe8 39. Rxd4 Qe3+
40. Qf2 Qc1+ 41. Bf1 Bf7 42. Qf6+ {Black resigns} 1-0

[Event "Team 45 45 League T28"]
[Site "Internet Chess Club"]
[Date "2005.10.15"]
[Round "4"]
[White "BaroneRosso"]
[Black "MiroslavR"]
[Result "1-0"]
[WhiteElo "2047"]
[BlackElo "1979"]
[TimeControl "2700+45"]

1. d4 Nf6 2. c4 g6 3. Nc3 Bg7 4. e4 d6 5. Nf3 O-O 6. Be2 e5 7. Be3 Na6 8. O-O
Ng4 9. Bg5 Qe8 10. dxe5 dxe5 11. h3 h6 12. Bd2 Nf6 13. Be3 Qe7 14. a3 c6 15. b4
Nh5 16. c5 Rd8 17. Qc1 Kh7 18. Re1 Nf4 19. Bxf4 exf4 20. e5 g5 21. Ne4 Nc7 22.
Nd6 Nd5 23. Rb1 Kh8 24. Bc4 Be6 25. Nd4 Qd7 26. Rb3 h5 27. Qd1 g4 28. Nxe6 Qxe6
29. hxg4 hxg4 30. Bxd5 cxd5 31. Nxb7 Rd7 32. Nd6 Bxe5 33. Rd3 f6 34. Rxd5 Rg8
35. Qd2 g3 36. Qxf4 gxf2+ 37. Qxf2 Qxd5 38. Rxe5 Rxg2+ 39. Qxg2 Qxe5 40. Qh3+
Kg8 41. Qxd7 Qg3+ 42. Kh1 Qf3+ 43. Kh2 Qf2+ 44. Kh3 Qf3+ 45. Kh4 Qf2+ 46. Kh5
Qh2+ 47. Kg6 Qg3+ 48. Kxf6 Qh4+ 49. Ke5 Qg3+ 50. Kd5 Qf3+ 51. Ke6 Qe3+ 52. Kf6
Qd4+ 53. Ke7 Qh4+ 54. Ke8 a5 55. Qf7+ Kh8 56. Qf8+ Kh7 57. Qf5+ Kg7 58. Qe5+ Kh7
59. Nf7 {Black forfeits on time} 1-0

[Event "Team 45 45 League T28"]
[Site "Internet Chess Club"]
[Date "2005.10.10"]
[Round "4"]
[White "Gandalf"]
[Black "Beetlejuice"]
[Result "0-1"]
[WhiteElo "1914"]
[BlackElo "1916"]
[TimeControl "2700+45"]

1. d4 Nf6 2. Nf3 g6 3. Bg5 Bg7 4. Nbd2 d5 5. e3 O-O 6. Bd3 Nbd7 7. O-O c6 8. h3
Re8 9. c4 h6 10. Bf4 c5 11. Qb3 cxd4 12. exd4 Nb6 13. c5 Nbd7 14. Rfe1 Nb8 15.
Ne5 Nc6 16. Ndf3 Nd7 17. Nxc6 bxc6 18. Qc2 Nf8 19. Qd2 Kh7 20. Be5 Bd7 21. Bxg7
Kxg7 22. Ne5 Qc8 23. Re3 f6 24. Nf3 Bf5 25. Rae1 Kf7 26. Nh4 Bxd3 27. Qxd3 Rb8
28. b3 Qc7 29. Rg3 g5 30. Nf5 h5 31. Qf3 Kg6 32. Nh4+ Kh6 33. Nf5+ Kg6 34. Qd3
Kf7 35. h4 Qf4 36. hxg5 h4 37. Rf3 Qxg5 38. Rh3 Ng6 39. Rf3 Nf4 40. Nh6+ Qxh6
41. Qe3 e5 42. Rh3 Nxh3+ {White resigns} 0-1